 Dungeon Crawl Stone Soup version 0.22-a0-571-g4a923d4b9e (webtiles) character file.

10388 Foic the Blocker (level 11, -4/94 HPs)
             Began as a Minotaur Fighter on July 1, 2018.
             Was a Priest of Trog.
             Slain by a yak (12 damage)
             ... on level 1 of the Lair of Beasts.
             The game lasted 00:37:07 (8968 turns).

Foic the Blocker (Minotaur Fighter)                 Turns: 8968, Time: 00:37:08

Health: -4/94      AC: 12    Str: 24    XL:     11   Next: 35%
Magic:  10/10      EV: 13    Int:  9    God:    Trog [***...]
Gold:   556        SH: 14    Dex:  9    Spells: 10/10 levels left

rFire    + . .     SeeInvis .   a - +0 long sword
rCold    . . .     Gourm    .   c - +1 shield
rNeg     . . .     Faith    .   q - +3 ring mail {rF+}
rPois    +         Spirit   .   (helmet restricted)
rElec    +         Reflect  .   m - +0 cloak
rCorr    .         Harm     .   l - +0 pair of gloves
MR       .....                  (no boots)
Stlth    +.........             (no amulet)
HPRegen  0.25/turn              v - ring "Diuprug" {rElec rPois Int+4 Dex-5 Slay+5}
MPRegen  0.12/turn              (no ring)

@: no status effects
A: retaliatory headbutt, horns 2, thin skeletal structure 2
a: Berserk, Trog's Hand, Renounce Religion


You were on level 1 of the Lair of Beasts.
You worshipped Trog.
Trog was most pleased with you.
You were not hungry.

You visited 3 branches of the dungeon, and saw 11 of its levels.

You collected 556 gold pieces.

Inventory:

Hand Weapons
 a - a +0 long sword (weapon)
 u - the +7 whip of Wuna {freeze, rC+ rN+ Dex+4}
   (You took it off an orc on level 7 of the Dungeon)

   It has been specially enchanted to freeze those struck by it, causing extra
   injury to most foes and up to half again as much damage against particularly
   susceptible opponents.
   It can also slow down cold-blooded creatures.
   It affects your dexterity (+4).
   It protects you from cold.
   It protects you from negative energy.
 E - a +1 hand axe of flaming
Missiles
 h - 61 stones
 k - 3 javelins
 n - 9 tomahawks (quivered)
Armour
 c - a +1 shield (worn)
 l - a +0 pair of gloves (worn)
 m - a +0 cloak (worn)
 q - a +3 ring mail of fire resistance (worn)
 r - a +0 plate armour
Jewellery
 v - the ring "Diuprug" (left hand) {rElec rPois Int+4 Dex-5 Slay+5}
   (You took it off an orc on level 5 of the Dungeon)

   [ring of poison resistance]

   It affects your intelligence (+4).
   It affects your dexterity (-5).
   It affects your accuracy and damage with ranged weapons and melee attacks
   (+5).
   It insulates you from electricity.
   It protects you from poison.
Wands
 p - a wand of iceblast (12)
 w - a wand of random effects (40)
 x - a wand of flame (18)
Scrolls
 b - a scroll of enchant weapon {unknown}
 e - 3 scrolls of fog
 j - 4 scrolls of teleportation
 s - 3 scrolls of enchant armour
 t - a scroll of blinking {unknown}
 y - a scroll of identify
 z - 4 scrolls of noise {unknown}
 A - 2 scrolls of immolation {unknown}
 B - 2 scrolls of torment {unknown}
 C - 2 scrolls of fear
 G - a scroll of remove curse
Potions
 d - a potion of heal wounds
 g - a potion of mutation
 i - 5 potions of curing
 o - 3 potions of cancellation
 F - a potion of degeneration {unknown}
Comestibles
 f - 18 rations
 D - 7 chunks of flesh


   Skills:
 + Level 7.9 Fighting
 + Level 11.3 Long Blades
 + Level 7.6 Armour
 + Level 5.6 Dodging
 * Level 14.1 Shields


You had 10 spell levels left.
You didn't know any spells.
Your spell library was empty.

Dungeon Overview and Level Annotations

Branches:
Dungeon (9/15)             Temple (1/1) D:6            Lair (1/6) D:8
    Orc: D:9-12

Altars:
Ashenzari
Cheibriados
Elyvilon
Fedhas
Hepliaklqana
Kikubaaqudgha
Makhleb
Nemelex Xobeh
Okawaru
Qazlal
Ru
Sif Muna
Trog
Uskayaw
Vehumet
Wu Jian
Xom
Yredelemnul
Zin
The Shining One

Shops:
D:7 (   D:8 ?


Innate Abilities, Weirdness & Mutations

You reflexively headbutt those who attack you in melee.
You have a pair of horns on your head.
You have a moderately thin skeletal structure. (Dex +4, Stealth+)


Message History

The yak gores you but does no damage. You block the yak's attack.
The yak gores you.
* * * LOW HITPOINT WARNING * * *
You hit the yak.
You kill the yak!
Trog accepts your kill. You block the yak's attack. The yak gores you!
* * * LOW HITPOINT WARNING * * *
The yak gores you!
* * * LOW HITPOINT WARNING * * *
You slice the yak!! You headbutt the yak, but do no damage.
The yak is severely wounded.
You block the yak's attack. x2
Some of the chunks of flesh in your inventory have rotted away.
You slash the yak! You headbutt the yak.
The yak is almost dead.
You hit the yak.
The yak is almost dead.
The yak gores you!
You die...

##### ########### ....#
#.......#.# ....##
###........##
.....###.........##
......###........P#
......###.......@.#
........#......YY##
...............†..#
#............)..†.#
##....#...........#
##..##..........†.......
##.#...................
##....................
##...................


You could see 2 yaks.

Vanquished Creatures
  A hydra (D:8)
  2 two-headed ogres
  2 spiny frogs (Lair:1)
  A troll (D:7)
  Grinder (D:3)
  2 hippogriffs (D:8)
  2 dream sheep (D:8)
  A wyvern (D:7)
  Sigmund (D:2)
  9 yaks
  Menkaure (D:4)
  Edmund (D:4)
  A water moccasin (Lair:1)
  A porcupine (Lair:1)
  An orc warrior (D:7)
  2 sky beasts
  3 phantoms
  2 ogres (D:7)
  An eye of draining (D:7)
  4 centaurs
  5 wolves
  3 crocodiles
  6 bullfrogs
  4 big kobolds (D:8)
  A jelly (D:5)
  2 scorpions
  11 killer bees
  3 wights
  2 electric eels (D:8)
  2 crimson imps (D:6)
  A bullfrog zombie (D:6)
  9 hounds
  8 orc priests
  7 orc wizards
  Crazy Yiuf (D:3)
  Ijyb (D:3)
  4 iguanas
  4 worker ants
  2 hound zombies
  2 hound skeletons
  Robin (D:2)
  2 worker ant zombies
  8 adders
  A shadow imp (D:5)
  5 oozes
  3 adder skeletons (D:7)
  2 dart slugs
  2 worms
  3 leopard geckos
  36 orcs
  4 giant cockroaches
  10 goblins
  11 hobgoblins
  12 jackals
  9 kobolds
  6 quokkas
  6 bats
  4 frilled lizards
  A giant cockroach zombie (D:5)
  A jackal skeleton (D:7)
  A jackal zombie (D:5)
  A leopard gecko skeleton (D:6)
  6 rats
252 creatures vanquished.

Notes
Turn   | Place    | Note
-------+----------+-------------------------------------------
     0 | D:1      | Foic the Minotaur Fighter began the quest for the Orb.
     0 | D:1      | Reached XP level 1. HP: 19/19 MP: 0/0
    67 | D:1      | Reached skill level 4 in Shields
    67 | D:1      | Reached XP level 2. HP: 23/27 MP: 1/1
   496 | D:2      | Found a glowing golden altar of the Shining One.
   558 | D:2      | Noticed Robin
   559 | D:2      | Noticed Sigmund
   566 | D:2      | Reached XP level 3. HP: 23/33 MP: 2/2
  1125 | D:2      | Killed Sigmund
  1125 | D:2      | Reached skill level 5 in Shields
  1125 | D:2      | Reached XP level 4. HP: 3/40 MP: 3/3
  1125 | D:2      | Reached XP level 5. HP: 4/46 MP: 4/4
  1595 | D:2      | Killed Robin
  1997 | D:3      | Noticed Ijyb
  2023 | D:3      | Killed Ijyb
  2023 | D:3      | Reached skill level 5 in Armour
  2064 | D:3      | Reached XP level 6. HP: 47/53 MP: 5/5
  2238 | D:3      | Reached skill level 6 in Shields
  2419 | D:3      | Reached skill level 1 in Dodging
  2501 | D:3      | Noticed Grinder
  2510 | D:3      | Killed Grinder
  2510 | D:3      | Reached skill level 5 in Long Blades
  2510 | D:3      | Reached XP level 7. HP: 49/60 MP: 6/6
  2519 | D:3      | Found a sacrificial altar of Ru.
  2771 | D:3      | Found a runed door.
  2775 | D:3      | Noticed Crazy Yiuf
  2781 | D:3      | Killed Crazy Yiuf
  3009 | D:4      | Reached skill level 7 in Shields
  3448 | D:4      | Noticed Menkaure
  3452 | D:4      | Killed Menkaure
  3452 | D:4      | Reached skill level 5 in Fighting
  3452 | D:4      | Reached XP level 8. HP: 58/68 MP: 7/7
  3597 | D:4      | Reached skill level 8 in Shields
  3640 | D:4      | Noticed Edmund
  3655 | D:4      | Killed Edmund
  3972 | D:5      | Entered Level 5 of the Dungeon
  4529 | D:4      | Reached skill level 9 in Shields
  4851 | D:5      | Got a scintillating bone ring
  4868 | D:5      | Identified the ring "Diuprug" {rElec rPois Int+4 Dex-5 Slay+5} (You took it off an orc on level 5 of the Dungeon)
  5148 | D:6      | Reached XP level 9. HP: 72/75 MP: 8/8
  5193 | D:6      | Found a radiant altar of Vehumet.
  5354 | D:6      | Reached skill level 10 in Shields
  5476 | D:6      | Found a staircase to the Ecumenical Temple.
  5485 | Temple   | Entered the Ecumenical Temple
  5737 | Temple   | Became a worshipper of Trog the Wrathful
  6071 | D:7      | Found Odaup's Weapon Emporium.
  6408 | D:7      | Reached * piety under Trog
  6547 | D:7      | Reached skill level 11 in Shields
  6793 | D:8      | Noticed a two-headed ogre
  6801 | D:8      | Killed a two-headed ogre
  6919 | D:8      | Gained mutation: You have a somewhat thin skeletal structure. (Dex +2, Stealth) [potion of mutation]
  6919 | D:8      | Gained mutation: You have a moderately thin skeletal structure. (Dex +4, Stealth+) [potion of mutation]
  6923 | D:8      | Reached XP level 10. HP: 56/84 MP: 9/9
  7212 | D:7      | Reached skill level 10 in Long Blades
  7217 | D:7      | Reached skill level 12 in Shields
  7440 | D:7      | Reached ** piety under Trog
  7684 | D:8      | Found a staircase to the Lair.
  8110 | D:8      | Noticed a two-headed ogre
  8126 | D:7      | Got a translucent whip {freeze}
  8137 | D:7      | Killed a two-headed ogre
  8137 | D:7      | Reached skill level 5 in Dodging
  8140 | D:7      | Reached skill level 13 in Shields
  8315 | D:8      | Found Omulups's Magic Scroll Shoppe.
  8553 | D:8      | Noticed a three-headed hydra
  8556 | D:8      | Identified the +7 whip of Wuna {freeze, rC+ rN+ Dex+4} (You took it off an orc on level 7 of the Dungeon)
  8561 | D:8      | Killed a three-headed hydra
  8561 | D:8      | Reached XP level 11. HP: 90/92 MP: 10/10
  8703 | D:9      | Noticed a green ugly thing
  8703 | D:9      | Noticed a two-headed ogre
  8729 | Lair:1   | Entered Level 1 of the Lair of Beasts
  8740 | Lair:1   | Reached *** piety under Trog
  8948 | Lair:1   | Reached skill level 14 in Shields
  8968 | Lair:1   | Slain by a yak

Vault maps used:
D:1:      sevenhm_arrival_forest_fort_small_3
D:2:      tso_metal_star, first_ration, minmay_misc_feat_nine_boxes,
          uniq_sigmund, uniq_robin
D:3:      lemuel_doored_altar, uniq_crazy_yiuf_cottage, uniq_grinder, uniq_ijyb
D:4:      uniq_menkaure, uniq_edmund
D:6:      minmay_temple_entry_mist, basic_altar, corexii_hall_statues_x
D:7:      serial_shops, shop, kennysheep_generic_room_6
D:8:      erik_lair_island, serial_shops, shop_statue,
          hangedman_decor_clover_reticule, hangedman_ranch
D:9:      overflow_temple_1_default, grunt_dithmenos_smoke_and_mirrors,
          basic_altar
Temple:   eino_narrow_crystal_temple
Lair:1:   basic_altar, columned_hall_lemuel, minmay_lair_oklob_chamber

Skill      XL: |  1  2  3  4  5  6  7  8  9 10 11 |
---------------+----------------------------------+-----
Shields        | 4 5 6 7 9 11 13 14 | 14.1
Armour         | 4 5 6 7 |  7.6
Fighting       | 4 5 6 7 |  7.9
Long Blades    | 4 5 6 7 9 10 11 | 11.3
Dodging        | 1 2 3 5 |  5.6

Action                   |  1- 3 |  4- 6 |  7- 9 | 10-12 || total
-------------------------+-------+-------+-------+-------++-------
Melee: Long sword        |    92 |    99 |   382 |   213 ||   786
       Headbutt          |    13 |    21 |    71 |    62 ||   167
       Whip              |       |       |       |     4 ||     4
Invok: Berserk           |       |       |     2 |     3 ||     5
  Use: Potion            |     4 |     1 |     5 |       ||    10
       Scroll            |       |     7 |     1 |       ||     8
  Eat: Chunk             |     1 |     4 |    17 |     6 ||    28
       Ration            |       |       |       |     1 ||     1
Armor: Scale mail        |    37 |    32 |       |       ||    69
       Ring mail         |       |    12 |    98 |    53 ||   163
Dodge: Dodged            |    38 |    34 |   114 |    89 ||   275
Block: Shield            |    35 |    62 |   249 |   186 ||   532
       Rpst.: Long sword |    10 |    10 |    32 |    19 ||    71

Table legend:
 A = Spawn XP
 B = Non-spawn XP
 C = Spawn XP percentage of total XP
 D = Spawn monster count
 E = Non-spawn monster count
 F = Spawn count percentage of total count
 G = Total turns spent on level
                    A         B        C        D         E        F      G
               +---------+---------+-------+---------+---------+-------+---------
         Total |       0 |   14840 |   0.0 |       0 |     252 |   0.0 |  8968
               +---------+---------+-------+---------+---------+-------+---------
           D:1 |       0 |      28 |   0.0 |       0 |      11 |   0.0 |   764
           D:2 |       0 |     353 |   0.0 |       0 |      38 |   0.0 |  1255
           D:3 |       0 |     555 |   0.0 |       0 |      29 |   0.0 |  1006
           D:4 |       0 |    1050 |   0.0 |       0 |      27 |   0.0 |  1496
           D:5 |       0 |     654 |   0.0 |       0 |      20 |   0.0 |   619
           D:6 |       0 |     743 |   0.0 |       0 |      20 |   0.0 |   667
           D:7 |       0 |    3459 |   0.0 |       0 |      53 |   0.0 |  1488
           D:8 |       0 |    5082 |   0.0 |       0 |      40 |   0.0 |  1171
        Lair:1 |       0 |    2916 |   0.0 |       0 |      14 |   0.0 |   239
               +---------+---------+-------+---------+---------+-------+---------
